 Dungeon Crawl Stone Soup version 0.32-a0-898-g7811c86cf0 (webtiles) character file.

Game seed: 1862486788951650599

6917 Biggs the Skirmisher (level 11, -22/79 HPs)
             Began as a Coglin Hunter on Apr 5, 2024.
             Hit by a large rock thrown by a cyclops (36 damage)
             ... on level 9 of the Dungeon.
             The game lasted 00:14:02 (8955 turns).

Biggs the Skirmisher (Coglin Hunter)                Turns: 8955, Time: 00:14:02

Health: -22/79     AC: 11    Str: 11    XL:     11   Next: 7%
Magic:  11/11      EV: 13    Int:  9    God:
Gold:   405        SH:  0    Dex: 22    Spells: 10/10 levels left

rFire   . . .        a - +4 sling {Kai}
rCold   . . .        d - +0 sling {Yan}
rNeg    . . .        u - +2 ring mail {rPois}
rPois   +            A - +1 hat {Will+}
rElec   .            (no cloak)
rCorr   .            C - +2 pair of gloves
SInv    .            (no boots)
Will    +....        (amulet unavailable)
Stlth   +            (ring unavailable)
HPRegen 0.33/turn    (ring unavailable)
MPRegen 0.12/turn    (no gizmo)

%: no passive effects
@: revving
A: off-hand wielding, slow wielding, warmup strikes, no jewellery
a: Invent Gizmo


You were on level 9 of the Dungeon.
You visited 2 branches of the dungeon, and saw 10 of its levels.
You also visited: Sewer.

You collected 405 gold pieces.

Inventory:

Hand Weapons
 a - a +4 sling (weapon) {Kai}
 d - a +0 sling (offhand) {Yan}
Armour
 c - a +0 leather armour
 u - a +2 ring mail of poison resistance (worn)
 A - a +1 hat of willpower (worn)
 C - a +2 pair of gloves (worn)
Wands
 i - a wand of mindburst (13)
 x - a wand of flame (52)
 D - a wand of roots (7)
Scrolls
 b - 2 scrolls of amnesia
 e - 2 scrolls of enchant armour
 h - a scroll of torment
 k - a scroll of poison
 l - 2 scrolls of fog
 m - 4 scrolls of teleportation
 n - 3 scrolls of noise
 q - 3 scrolls of immolation
 v - a scroll of revelation
 y - a scroll of blinking {unknown}
Potions
 f - a potion of enlightenment {unknown}
 g - a potion of degeneration {unknown}
 j - 4 potions of attraction
 o - a potion of lignification {unknown}
 p - 3 potions of might {unknown}
 r - 2 potions of brilliance {unknown}
 s - 2 potions of magic {unknown}
 t - 2 potions of mutation {unknown}
 w - a potion of invisibility {unknown}
 z - a potion of berserk rage {unknown}
 B - a potion of haste {unknown}


   Skills:
 - Level 5.0 Fighting
 - Level 13.5 Ranged Weapons
 - Level 5.7 Dodging
 - Level 0.7 Stealth
 + Level 4.6 Evocations


You had 10 spell levels left.
You didn't know any spells.
Your spell library contained the following spells:

 Spells                   Type           Power      Damage    Failure   Level
 Blink                    Tloc           0%         N/A       83%         2
 Lesser Beckoning         Tloc           0%         N/A       83%         2
 Momentum Strike          Conj/Tloc      0%         3d8       83%         2
 Hailstorm                Conj/Ice       0%         3d5       96%         3
 Maxwell's Portable Pile  Tloc           0%         2d(5-13)  96%         3
 Summon Ice Beast         Ice/Summ       0%         N/A       96%         3
 Teleport Other           Tloc           0%         N/A       96%         3
 Permafrost Eruption      Ice/Erth       0%         2x4d1     100%        6
 Sculpt Simulacrum        Ice/Alch       0%         N/A       100%        6


Dungeon Overview and Level Annotations

Branches:
Dungeon (9/15)             Temple (1/1) D:4           Sewer (visited)
   Lair: D:8-11         Orc: D:9-12

Altars:
Cheibriados
Dithmenos
Elyvilon
Fedhas
Gozag
Kikubaaqudgha
Makhleb
Nemelex Xobeh
Okawaru
Qazlal
Ru
Sif Muna
Trog
Uskayaw
Vehumet
Wu Jian
Xom
Yredelemnul
Zin
The Shining One

Portals:
Abyss: D:3

Annotations:
D:3 2 transporters, circumfission's ghost, amateur NaSh
D:7 3 runed translucent doors, EvilEddieB's ghost, amateur DsGl


Innate Abilities, Weirdness & Mutations

You can wield a second weapon in your off-hand.
It takes a long time for you to wield or remove held weapons.
Your first few attacks do less damage.
You cannot equip rings or amulets.


Message History

The killer bee stings you.
Your Evocations skill increases to level 4!
You shoot a sling bullet.
The sling bullet closely misses the killer bee.
The sling bullet hits the killer bee!
You kill the killer bee!
You shoot a sling bullet. The sling bullet hits the killer bee.
The killer bee is severely wounded.
The killer bee stings you! The killer bee misses you.
You shoot a sling bullet. The sling bullet misses the killer bee.
You shoot a sling bullet. The sling bullet hits the killer bee!
You kill the killer bee!
Unknown command.
You start resting.
A killer bee is nearby!
No target in view!
Unknown command.
No target in view!
Things that are here:
a +0 dagger; 2 stones The killer bee buzzes angrily.
The killer bee stings you but does no damage.
There is a stone staircase leading up here.
You shoot a sling bullet. The sling bullet hits the killer bee.
The killer bee is moderately wounded.
You shoot a sling bullet. The sling bullet hits the killer bee.
The killer bee is heavily wounded.
The killer bee barely misses you.
You shoot a sling bullet.
The sling bullet closely misses the killer bee.
You shoot a sling bullet. The sling bullet hits the killer bee!
You kill the killer bee!
A cyclops comes into view.
The cyclops throws a large rock.
The large rock hits you!!!
Ouch! That really hurt!
* * * LOW HITPOINT WARNING * * *
Things that are here:
a +0 dagger; a +0 short sword of electrocution; a kobold corpse The cyclops throws a large rock.
The large rock hits you!!!
You die...

..ß##.....#
...##.....# ..C. .
...>#.?...# .....#
...##....)# #.. .
# ..ß######.#
....# #.###### ß#
#†# ##.#:#
##......# #####
#.# .... .........
....#
#.######.#####
####..... .##.#
#....)<)@....#
####.# ....#
########.###.# #.#
.#..######### #.#
#.# ###.#
.....<.....[####.#
#.# #..<.
###..............#
#.# ####....
#.#######.######
#.# #.......
###.#######.# #.#
#.##....
.>..........#
###.### #)##....
#.###########
#.....# #.######


You could see a cyclops.

Vanquished Creatures
  Gastronok (D:8)
  Pikel (D:9)
  A troll (D:9)
  Prince Ribbit (D:8)
  4 yaks (D:9)
  A steam dragon (D:8)
  Duvessa (D:4)
  2 water moccasins
  2 orc warriors
  An ice beast (D:7)
  2 sky beasts
  An ogre (D:6)
  A black bear (D:5)
  A wolf (D:7)
  3 centaurs
  A lemure (D:9)
  2 phantoms
  2 kobold brigands
  A scorpion (D:6)
  3 gnoll sergeants
  9 wights
  Dowan (D:4)
  5 killer bees (D:9)
  7 howler monkeys
  A crimson imp (D:4)
  2 orc priests
  2 bombardier beetles
  6 jellies
  3 gnoll boudas (D:7)
  4 hounds
  A sleepcap (D:6)
  5 iguanas
  Natasha (thrice) (D:4)
  9 orc wizards
  A mummy (D:6)
  21 gnolls
  2 river rats
  14 adders
  2 white imps (D:6)
  2 ribbon worms
  3 dart slugs
  40 orcs
  16 endoplasms
  9 giant cockroaches
  7 goblins
  7 hobgoblins
  A jackal (D:7)
  6 quokkas
  8 ball pythons
  14 bats
  9 frilled lizards
  2 hobgoblin zombies (D:6)
  18 kobolds
  2 kobold zombies (D:6)
  7 rats
281 creatures vanquished.

Vanquished Creatures (others)
  A kobold (D:8)
1 creature vanquished.

Grand Total: 282 creatures vanquished

Notes
Turn   | Place    | Note
-------+----------+-------------------------------------------
     0 | D:1      | Biggs the Coglin Hunter began the quest for the Orb.
     0 | D:1      | Reached XP level 1. HP: 16/16 MP: 1/1
    58 | D:1      | Reached skill level 4 in Ranged Weapons
    58 | D:1      | Reached XP level 2. HP: 22/22 MP: 2/2
   263 | D:1      | Reached XP level 3. HP: 27/27 MP: 3/3
   806 | D:2      | Reached skill level 5 in Ranged Weapons
   806 | D:2      | Reached XP level 4. HP: 28/33 MP: 4/4
  1431 | D:3      | Found a bloodstained altar of Trog.
  1475 | D:3      | Found a transporter.
  1479 | D:3      | Reached XP level 5. HP: 38/38 MP: 5/5
  1677 | D:3      | Noticed a small abomination
  1685 | D:3      | Found a transporter.
  1696 | D:3      | Reached skill level 6 in Ranged Weapons
  2029 | D:3      | Found a one-way gate to the infinite horrors of the Abyss.
  2029 | D:3      | Noticed circumfission's ghost (amateur NaSh)
  2252 | D:4      | Reached XP level 6. HP: 15/44 MP: 6/6
  2582 | D:4      | Reached skill level 7 in Ranged Weapons
  2625 | D:4      | Noticed Dowan
  2656 | D:5      | Entered Level 5 of the Dungeon
  2742 | D:5      | Reached XP level 7. HP: 26/50 MP: 7/7
  2892 | D:5      | Reached skill level 8 in Ranged Weapons
  2903 | D:5      | HP: 1/50 [something (5)]
  3009 | D:5      | Found a glowing drain.
  3022 | Sewer    | Entered a sewer
  3184 | Sewer    | Reached XP level 8. HP: 53/56 MP: 8/8
  3237 | Sewer    | Reached skill level 9 in Ranged Weapons
  3238 | Sewer    | Found a viscous altar of Jiyva.
  3782 | D:4      | Killed Dowan
  3799 | D:4      | Found a staircase to the Ecumenical Temple.
  3799 | D:4      | Noticed Natasha
  3808 | D:4      | Killed Natasha
  3818 | Temple   | Entered the Ecumenical Temple
  3837 | D:4      | Found a stormy altar of Qazlal.
  3994 | D:4      | Noticed Natasha
  3998 | D:4      | Killed Natasha
  4285 | D:4      | Noticed Natasha
  4291 | D:4      | Killed Natasha
  4293 | D:4      | Noticed Duvessa
  4336 | D:4      | Killed Duvessa
  4337 | D:4      | Reached skill level 5 in Fighting
  4566 | D:4      | Found a radiant altar of Vehumet.
  4567 | D:4      | Found a burning altar of Makhleb.
  5166 | D:6      | Found a sacrificial altar of Ru.
  5212 | D:6      | Identified the +9 mace of Context {flame, rC+}
  5267 | D:6      | Reached XP level 9. HP: 68/68 MP: 9/9
  5318 | D:6      | Reached skill level 5 in Dodging
  6041 | D:7      | Reached skill level 10 in Ranged Weapons
  6210 | D:7      | Found a runed translucent gate.
  6211 | D:7      | Found a runed translucent gate.
  6211 | D:7      | Found an opulent altar of Gozag.
  6232 | D:7      | Found a runed translucent gate.
  6326 | D:7      | Found a snail-covered altar of Cheibriados.
  6326 | D:7      | Found a white marble altar of Elyvilon.
  6655 | D:7      | Noticed EvilEddieB's ghost (amateur DsGl)
  6683 | D:8      | Noticed Prince Ribbit
  6696 | D:8      | Killed Prince Ribbit
  6697 | D:8      | Reached skill level 11 in Ranged Weapons
  6758 | D:8      | Reached XP level 10. HP: 32/74 MP: 10/10
  7480 | D:8      | Found a sparkling altar of Nemelex Xobeh.
  7732 | D:8      | Reached skill level 12 in Ranged Weapons
  7857 | D:8      | Noticed Gastronok
  7870 | D:8      | Killed Gastronok
  8370 | D:9      | Reached skill level 13 in Ranged Weapons
  8553 | D:9      | Noticed Pikel
  8569 | D:9      | Killed Pikel
  8753 | D:9      | Reached XP level 11. HP: 59/79 MP: 11/11
  8839 | D:9      | Found an ornate altar of the Wu Jian Council.
  8842 | D:9      | Found an iron altar of Okawaru.
  8954 | D:9      | Noticed a cyclops
  8955 | D:9      | Hit by a large rock thrown by a cyclops

Illustrated notes

Levels and vault maps discovered:
D:1:      minmay_arrival_up_and_down, layout_basic, minmay_door_square,
          minmay_tall_x
D:2:      layout_loops_ring, minmay_misc_feat_square
D:3:      layout_basic, mainiacjoe_overflow_six_doors_small,
          gammafunk_ghost_abyssal_escape, minmay_fountain_box,
          minmay_close_crescents
D:4:      layout_loops_corners, grunt_temple_overflow_lords_of_destruction,
          nicolae_qazlal_eye_of_the_storm, minmay_temple_entry_glassed_door,
          uniq_natasha, uniq_duvessa
D:5:      layout_basic, portal_sewer_entry_a, chequers_serial_rivers_small_a
D:6:      layout_basic, nicolae_ru_great_annihilating_truth,
          grunt_decor_mini_mirrors, minmay_mini_ossuary
D:7:      layout_cave_pools, gammafunk_temple_overflow_elements,
          ebering_ghost_gozag, serial_gnoll_camp, gnoll_camp_medium_01,
          gnoll_camp_mini_house, gnoll_camp_mini_sergeant
D:8:      layout_gridville, nemelex_spade_bored_becter,
          kennysheep_generic_room_14, uniq_gastronok, uniq_prince_ribbit1
D:9:      layout_loops_ring, mainiacjoe_overflow_alcove_4,
          nicolae_overflow_hidden_temple, uniq_pikel
Temple:   nicolae_temple_bog_church

Skill      XL: |  1  2  3  4  5  6  7  8  9 10 11 |
---------------+----------------------------------+-----
Ranged Weapons | 4 5 6 7 8 9 11 13 | 13.5
Fighting       | 5 |  5.0
Dodging        | 4 5 |  5.7
Evocations     | 2 4 |  4.6
Stealth        | |  0.7

Action                     |  1- 3 |  4- 6 |  7- 9 | 10-12 || total
---------------------------+-------+-------+-------+-------++-------
  Melee: Sling             |       |     4 |     4 |       ||     8
   Fire: Sling             |   150 |   334 |   864 |   432 ||  1780
    Use: Potion            |       |       |     2 |       ||     2
         Scroll            |       |       |    17 |     3 ||    20
 Armour: Leather armour    |    25 |    37 |    34 |       ||    96
         Ring mail         |       |       |    97 |   100 ||   197
  Dodge: Dodged            |    12 |    29 |   104 |    81 ||   226

Table legend: (Time is in decaauts)
 A = Elapsed time spent in this place.
 B = Non-inter-level travel time spent in this place.
 C = Inter-level travel time spent in this place.
 D = Time resting spent in this place.
 E = Time spent auto-exploring this place.
 F = Levels seen in this place.
 G = Mean time per level.
                   A        B        C        D        E       F      G
               +--------+--------+--------+--------+--------+-----+--------+
         Total |   9080 |   8834 |    246 |    204 |   7017 |  11 |  825.5 |
       Dungeon |   8732 |   8486 |    246 |    204 |   6810 |   9 |  970.2 |
        Temple |      1 |      1 |      0 |      0 |      0 |   1 |    1.0 |
         Sewer |    347 |    347 |      0 |      0 |    207 |   1 |  347.0 |
               +--------+--------+--------+--------+--------+-----+--------+

Top non-repeatable levels by time:
     D:7: 1457 daAuts
     D:4: 1334 daAuts
     D:8: 1199 daAuts
     D:5: 1108 daAuts
     D:6: 833 daAuts
     D:3: 820 daAuts
     D:2: 714 daAuts
     D:1: 638 daAuts
     D:9: 624 daAuts
   Sewer: 347 daAuts
  Temple: 1 daAuts
